 Dungeon Crawl Stone Soup version 0.23.2-40-g277498a001 (webtiles) character file.

Game seed: 12702451722660977763

2788 Exodus22XD the Cleaver (level 9, -15/79 HPs)
             Began as a Minotaur Fighter on Aug 22, 2019.
             Was a Priest of Okawaru.
             Killed by the air
             ... invoked by Gastronok
              (35 damage)
             ... on level 8 of the Dungeon.
             The game lasted 00:22:31 (5572 turns).

Exodus22XD the Cleaver (Minotaur Fighter)           Turns: 5572, Time: 00:22:33

Health: -15/79     AC:  6    Str: 24    XL:     9   Next: 43%
Magic:  8/8        EV: 13    Int:  5    God:    Okawaru [***...]
Gold:   374        SH: 11    Dex: 10    Spells: 8/8 levels left

rFire    . . .     SeeInvis +   a - +0 war axe
rCold    + . .     Gourm    .   c - +0 shield
rNeg     . . .     Faith    .   H - +0 ring mail of the Comet {+Inv rC+ Regen+ SInv} (curse)
rPois    .         Spirit   .   (helmet restricted)
rElec    .         Reflect  .   (no cloak)
rCorr    .         Harm     .   (no gloves)
MR       +....                  (no boots)
Stlth    ..........             w - amulet of the acrobat
HPRegen  0.63/turn              G - ring of protection from magic
MPRegen  0.11/turn              s - +2 ring of evasion

@: slowed, very slow
A: retaliatory headbutt, horns 2
a: Heroism, Renounce Religion, Evoke Invisibility


You were on level 8 of the Dungeon.
You worshipped Okawaru.
Okawaru was most pleased with you.
You were not hungry.

You visited 1 branch of the dungeon, and saw 8 of its levels.
You also visited: Sewer.

You collected 429 gold pieces.
You spent 55 gold pieces at shops.

Inventory:

Hand Weapons
 a - a +0 war axe (weapon)
Armour
 c - a +0 shield (worn)
 l - a +0 chain mail
 H - the cursed +0 ring mail of the Comet (worn) {+Inv rC+ Regen+ SInv}
   (You found it on level 6 of the Dungeon)

   It protects you from cold.
   It lets you see invisible.
   It lets you turn invisible.
   It increases your rate of regeneration.
   It has a curse placed upon it.
Jewellery
 s - a +2 ring of evasion (right hand)
 v - an uncursed ring of protection from fire
 w - an amulet of the acrobat (around neck)
 x - an uncursed amulet of rage
 D - a +2 ring of dexterity
 G - a ring of protection from magic (left hand)
 J - an uncursed ring of positive energy
Wands
 j - a wand of flame (9)
 t - a wand of disintegration (16)
Scrolls
 g - a scroll of blinking {unknown}
 m - a scroll of fear
 n - a scroll of enchant weapon
 o - a scroll of remove curse
 p - a scroll of enchant armour {unknown}
 q - a scroll of noise {unknown}
 y - 2 scrolls of fog {unknown}
 A - a scroll of magic mapping {unknown}
 B - 2 scrolls of teleportation {unknown}
 C - a scroll of brand weapon {unknown}
 F - 3 scrolls of silence {unknown}
Potions
 b - a potion of magic {unknown}
 d - 2 potions of might
 e - a potion of resistance {unknown}
 h - 2 potions of lignification
 i - a potion of agility {unknown}
 k - 8 potions of curing
 r - a potion of berserk rage
 u - a potion of mutation {unknown}
 z - 2 potions of brilliance {unknown}
 E - 2 potions of heal wounds
Comestibles
 f - 13 rations


   Skills:
 + Level 7.0 Fighting
 + Level 10.2 Axes
 + Level 7.2 Armour
 + Level 3.8 Dodging
 + Level 7.6 Shields
 - Level 0.4 Invocations


You had 8 spell levels left.
You didn't know any spells.
Your spell library contained the following spells:

 Spells                   Type           Power        Failure   Level  Hunger
 Confusing Touch          Hex            #.....       90%         1    ##.....
 Confuse                  Hex            #.......     99%         3    ####...
 Gell's Gravitas          Tloc           #.........   99%         3    ####...
 Petrify                  Tmut/Erth      #.......     100%        4    #####..
 Metabolic Englaciation   Hex/Ice        #.........   100%        5    ######.
 Yara's Violent Unravell  Hex/Tmut       #.........   100%        5    ######.


Dungeon Overview and Level Annotations

Branches:
Dungeon (8/15)             Temple (0/1) D:7
   Lair: D:8-11

Altars:
Hepliaklqana
Kikubaaqudgha
Nemelex Xobeh
Okawaru
Sif Muna
Uskayaw
The Shining One

Shops:
D:6 [   D:7 !

Annotations:
D:3 1 runed translucent door, Crazy Yiuf
D:8 Gastronok


Innate Abilities, Weirdness & Mutations

You reflexively headbutt those who attack you in melee.
You have a pair of horns on your head.


Message History

Gastronok is almost dead.
You hit Gastronok.
You headbutt Gastronok, but do no damage.
Gastronok is almost dead.
Gastronok bites you!!!
You slash Gastronok!
Gastronok is almost dead.
You slash the rat!
You kill the rat!
The rat's corpse disappears in a puff of smoke!
You closely miss the river rat. The river rat closely misses you.
Gastronok bites you!! The river rat bites you!
* * * LOW HITPOINT WARNING * * *
You hit Gastronok.
Gastronok is almost dead.
You hit the river rat. The river rat closely misses you.
You furiously retaliate!
You headbutt the river rat.
Gastronok waves his eye-stalks in wide circles.
The air twists around and strikes you!
You die...

....#######
.........# ###
.........# ..#
........# #.#
#.......# #.#
#.......# #.###
#rw§....# ....##
#@..# #....# ######
#)###
#....####....###(###
........'.........>#
#.#######....#####.#
..# ###### .# ### #


You could see Gastronok and a river rat.

Vanquished Creatures
  Grinder (D:5)
  Eustachio (D:6)
  Edmund (D:4)
  Duvessa (D:4)
  2 sky beasts
  A phantom (D:5)
  4 ogres
  The ghost of Deathwalker the Slasher, an amateur HuWr (D:3)
  3 centaurs
  A big kobold (Sewer)
  4 bullfrogs
  A scorpion (D:4)
  Dowan (D:4)
  2 howler monkeys (D:6)
  A crimson imp (D:5)
  A bullfrog zombie (D:7)
  2 bullfrog skeletons (D:5)
  A hound (D:5)
  3 orc priests
  An iguana (D:7)
  Natasha (thrice) (D:4)
  2 orc wizards
  4 worker ants
  A hound zombie (D:7)
  17 adders
  A river rat (D:5)
  An ooze (Sewer)
  An adder zombie (D:2)
  3 worms
  2 dart slugs
  3 leopard geckos
  21 orcs
  6 ball pythons
  7 bats
  A bat zombie (D:2)
  6 giant cockroaches
  5 goblins
  6 hobgoblins
  9 jackals
  3 frilled lizards
  A jackal zombie (D:2)
  14 kobolds
  A leopard gecko skeleton (D:2)
  2 quokka zombies
  9 rats
162 creatures vanquished.

Notes
Turn   | Place    | Note
-------+----------+-------------------------------------------
     0 | D:1      | Exodus22XD the Minotaur Fighter began the quest for the
                  | Orb.
     0 | D:1      | Reached XP level 1. HP: 19/19 MP: 0/0
     6 | D:1      | Found an iron altar of Okawaru.
    22 | D:1      | Became a worshipper of Warmaster Okawaru
    96 | D:1      | Reached XP level 2. HP: 25/27 MP: 1/1
   732 | D:2      | Reached XP level 3. HP: 28/33 MP: 2/2
   933 | D:2      | Found an ancient bone altar of Kikubaaqudgha.
   933 | D:2      | Found a hide-covered altar of Uskayaw.
  1042 | D:2      | Reached skill level 3 in Axes
  1115 | D:2      | Found a deep blue altar of Sif Muna.
  1141 | D:2      | Reached XP level 4. HP: 35/40 MP: 3/3
  1283 | D:3      | Reached skill level 4 in Axes
  1323 | D:3      | Found a transporter.
  1326 | D:3      | Found a transporter.
  1329 | D:3      | Noticed Deathwalker's ghost (amateur HuWr)
  1430 | D:3      | Killed Deathwalker's ghost
  1430 | D:3      | Reached * piety under Okawaru
  1430 | D:3      | Reached skill level 5 in Axes
  1430 | D:3      | Reached skill level 1 in Dodging
  1430 | D:3      | Reached XP level 5. HP: 24/47 MP: 4/4
  1602 | D:3      | Found a faded altar of an unknown god.
  1700 | D:3      | Found a runed translucent door.
  1701 | D:3      | Noticed Crazy Yiuf
  1969 | D:4      | Noticed Dowan
  1969 | D:4      | Noticed Duvessa
  2017 | D:4      | Killed Dowan
  2017 | D:4      | Reached XP level 6. HP: 15/53 MP: 2/5
  2281 | D:4      | Found a sparkling altar of Nemelex Xobeh.
  2396 | D:4      | Reached skill level 6 in Axes
  2436 | D:4      | Noticed Edmund
  2449 | D:4      | Killed Edmund
  2449 | D:4      | Reached skill level 5 in Armour
  2449 | D:4      | Reached skill level 5 in Shields
  2507 | D:4      | Killed Duvessa
  2507 | D:4      | Reached XP level 7. HP: 21/60 MP: 6/6
  2725 | D:4      | Noticed Natasha
  2733 | D:4      | Killed Natasha
  2760 | D:4      | Noticed Natasha
  2765 | D:4      | Killed Natasha
  2765 | D:4      | Reached skill level 5 in Fighting
  2815 | D:4      | Noticed Natasha
  2826 | D:4      | Killed Natasha
  2826 | D:4      | Reached ** piety under Okawaru
  2853 | D:4      | Found a hazy altar of Hepliaklqana.
  2928 | D:5      | Entered Level 5 of the Dungeon
  2958 | D:5      | Found a glowing drain.
  2964 | Sewer    | Entered a sewer
  3242 | Sewer    | Reached skill level 7 in Axes
  3417 | D:5      | Reached XP level 8. HP: 45/69 MP: 7/7
  3737 | D:5      | Noticed Grinder
  3737 | D:5      | Paralysed by Grinder for 2 turns
  3744 | D:5      | Killed Grinder
  3744 | D:5      | Reached skill level 8 in Axes
  4199 | D:6      | Noticed Eustachio
  4211 | D:6      | Killed Eustachio
  4213 | D:6      | Reached *** piety under Okawaru
  4213 | D:6      | Reached skill level 9 in Axes
  4366 | D:6      | Got a warped ring mail
  4377 | D:6      | Identified the cursed +0 ring mail of the Comet {+Inv rC+
                  | Regen+ SInv} (You found it on level 6 of the Dungeon)
  4402 | D:6      | Found a glowing golden altar of the Shining One.
  4546 | D:6      | Reached XP level 9. HP: 78/78 MP: 8/8
  4557 | D:6      | Found Oxihooge's Armour Shoppe.
  5078 | D:7      | Found a staircase to the Ecumenical Temple.
  5275 | D:7      | Found Yhuheplyaru's Distillery.
  5281 | D:7      | Reached **** piety under Okawaru
  5281 | D:7      | Reached skill level 10 in Axes
  5297 | D:7      | Bought a potion of heal wounds for 55 gold pieces
  5546 | D:8      | Noticed Gastronok
  5572 | D:8      | Killed from afar by Gastronok

Skill      XL: |  1  2  3  4  5  6  7  8  9 |
---------------+----------------------------+-----
Fighting       | 4 5 6 7 |  7.0
Armour         | 4 5 6 7 |  7.2
Shields        | 4 5 7 |  7.6
Axes           | 3 5 6 7 9 10 | 10.2
Dodging        | 1 2 3 |  3.8
Invocations    | |  0.4

Action                   |  1- 3 |  4- 6 |  7- 9 || total
-------------------------+-------+-------+-------++-------
Melee: War axe           |    73 |   168 |   361 ||   602
       Headbutt          |    12 |    20 |    52 ||    84
Invok: Heroism           |       |     1 |     1 ||     2
  Use: Potion            |       |     3 |       ||     3
       Scroll            |       |     4 |     3 ||     7
  Eat: Chunk             |     1 |     3 |    12 ||    16
Armor: Scale mail        |    22 |       |       ||    22
       Chain mail        |    23 |    80 |    68 ||   171
       Skin              |       |    19 |       ||    19
       Ring mail         |       |       |    18 ||    18
Dodge: Dodged            |    22 |    55 |   114 ||   191
Block: Shield            |    48 |    90 |   187 ||   325
